%YAML 1.1
%TAG !u! tag:unity3d.com,2011:
--- !u!29 &1
OcclusionCullingSettings:
  m_ObjectHideFlags: 0
  serializedVersion: 2
  m_OcclusionBakeSettings:
    smallestOccluder: 5
    smallestHole: 0.25
    backfaceThreshold: 100
  m_SceneGUID: 00000000000000000000000000000000
  m_OcclusionCullingData: {fileID: 0}
--- !u!104 &2
RenderSettings:
  m_ObjectHideFlags: 0
  serializedVersion: 9
  m_Fog: 0
  m_FogColor: {r: 0.5, g: 0.5, b: 0.5, a: 1}
  m_FogMode: 3
  m_FogDensity: 0.01
  m_LinearFogStart: 0
  m_LinearFogEnd: 300
  m_AmbientSkyColor: {r: 0.212, g: 0.227, b: 0.259, a: 1}
  m_AmbientEquatorColor: {r: 0.114, g: 0.125, b: 0.133, a: 1}
  m_AmbientGroundColor: {r: 0.047, g: 0.043, b: 0.035, a: 1}
  m_AmbientIntensity: 1
  m_AmbientMode: 0
  m_SubtractiveShadowColor: {r: 0.42, g: 0.478, b: 0.627, a: 1}
  m_SkyboxMaterial: {fileID: 10304, guid: 0000000000000000f000000000000000, type: 0}
  m_HaloStrength: 0.5
  m_FlareStrength: 1
  m_FlareFadeSpeed: 3
  m_HaloTexture: {fileID: 0}
  m_SpotCookie: {fileID: 10001, guid: 0000000000000000e000000000000000, type: 0}
  m_DefaultReflectionMode: 0
  m_DefaultReflectionResolution: 128
  m_ReflectionBounces: 1
  m_ReflectionIntensity: 1
  m_CustomReflection: {fileID: 0}
  m_Sun: {fileID: 0}
  m_IndirectSpecularColor: {r: 0, g: 0, b: 0, a: 1}
  m_UseRadianceAmbientProbe: 0
--- !u!157 &3
LightmapSettings:
  m_ObjectHideFlags: 0
  serializedVersion: 11
  m_GIWorkflowMode: 1
  m_GISettings:
    serializedVersion: 2
    m_BounceScale: 1
    m_IndirectOutputScale: 1
    m_AlbedoBoost: 1
    m_EnvironmentLightingMode: 0
    m_EnableBakedLightmaps: 1
    m_EnableRealtimeLightmaps: 0
  m_LightmapEditorSettings:
    serializedVersion: 12
    m_Resolution: 2
    m_BakeResolution: 40
    m_AtlasSize: 1024
    m_AO: 0
    m_AOMaxDistance: 1
    m_CompAOExponent: 1
    m_CompAOExponentDirect: 0
    m_ExtractAmbientOcclusion: 0
    m_Padding: 2
    m_LightmapParameters: {fileID: 0}
    m_LightmapsBakeMode: 1
    m_TextureCompression: 1
    m_FinalGather: 0
    m_FinalGatherFiltering: 1
    m_FinalGatherRayCount: 256
    m_ReflectionCompression: 2
    m_MixedBakeMode: 2
    m_BakeBackend: 1
    m_PVRSampling: 1
    m_PVRDirectSampleCount: 32
    m_PVRSampleCount: 512
    m_PVRBounces: 2
    m_PVREnvironmentSampleCount: 256
    m_PVREnvironmentReferencePointCount: 2048
    m_PVRFilteringMode: 1
    m_PVRDenoiserTypeDirect: 1
    m_PVRDenoiserTypeIndirect: 1
    m_PVRDenoiserTypeAO: 1
    m_PVRFilterTypeDirect: 0
    m_PVRFilterTypeIndirect: 0
    m_PVRFilterTypeAO: 0
    m_PVREnvironmentMIS: 1
    m_PVRCulling: 1
    m_PVRFilteringGaussRadiusDirect: 1
    m_PVRFilteringGaussRadiusIndirect: 5
    m_PVRFilteringGaussRadiusAO: 2
    m_PVRFilteringAtrousPositionSigmaDirect: 0.5
    m_PVRFilteringAtrousPositionSigmaIndirect: 2
    m_PVRFilteringAtrousPositionSigmaAO: 1
    m_ExportTrainingData: 0
    m_TrainingDataDestination: TrainingData
    m_LightProbeSampleCountMultiplier: 4
  m_LightingDataAsset: {fileID: 0}
  m_UseShadowmask: 1
--- !u!196 &4
NavMeshSettings:
  serializedVersion: 2
  m_ObjectHideFlags: 0
  m_BuildSettings:
    serializedVersion: 2
    agentTypeID: 0
    agentRadius: 0.5
    agentHeight: 2
    agentSlope: 45
    agentClimb: 0.4
    ledgeDropHeight: 0
    maxJumpAcrossDistance: 0
    minRegionArea: 2
    manualCellSize: 0
    cellSize: 0.16666667
    manualTileSize: 0
    tileSize: 256
    accuratePlacement: 0
    debug:
      m_Flags: 0
  m_NavMeshData: {fileID: 0}
--- !u!1 &164788404
GameObject:
  m_ObjectHideFlags: 0
  m_CorrespondingSourceObject: {fileID: 0}
  m_PrefabInstance: {fileID: 0}
  m_PrefabAsset: {fileID: 0}
  serializedVersion: 6
  m_Component:
  - component: {fileID: 164788408}
  - component: {fileID: 164788407}
  - component: {fileID: 164788406}
  - component: {fileID: 164788405}
  - component: {fileID: 164788409}
  m_Layer: 0
  m_Name: Player
  m_TagString: Player
  m_Icon: {fileID: 0}
  m_NavMeshLayer: 0
  m_StaticEditorFlags: 0
  m_IsActive: 1
--- !u!65 &164788405
BoxCollider:
  m_ObjectHideFlags: 0
  m_CorrespondingSourceObject: {fileID: 0}
  m_PrefabInstance: {fileID: 0}
  m_PrefabAsset: {fileID: 0}
  m_GameObject: {fileID: 164788404}
  m_Material: {fileID: 0}
  m_IsTrigger: 0
  m_Enabled: 1
  serializedVersion: 2
  m_Size: {x: 1, y: 1, z: 1}
  m_Center: {x: 0, y: 0, z: 0}
--- !u!23 &164788406
MeshRenderer:
  m_ObjectHideFlags: 0
  m_CorrespondingSourceObject: {fileID: 0}
  m_PrefabInstance: {fileID: 0}
  m_PrefabAsset: {fileID: 0}
  m_GameObject: {fileID: 164788404}
  m_Enabled: 1
  m_CastShadows: 1
  m_ReceiveShadows: 1
  m_DynamicOccludee: 1
  m_MotionVectors: 1
  m_LightProbeUsage: 1
  m_ReflectionProbeUsage: 1
  m_RayTracingMode: 2
  m_RenderingLayerMask: 1
  m_RendererPriority: 0
  m_Materials:
  - {fileID: 10303, guid: 0000000000000000f000000000000000, type: 0}
  m_StaticBatchInfo:
    firstSubMesh: 0
    subMeshCount: 0
  m_StaticBatchRoot: {fileID: 0}
  m_ProbeAnchor: {fileID: 0}
  m_LightProbeVolumeOverride: {fileID: 0}
  m_ScaleInLightmap: 1
  m_ReceiveGI: 1
  m_PreserveUVs: 0
  m_IgnoreNormalsForChartDetection: 0
  m_ImportantGI: 0
  m_StitchLightmapSeams: 1
  m_SelectedEditorRenderState: 3
  m_MinimumChartSize: 4
  m_AutoUVMaxDistance: 0.5
  m_AutoUVMaxAngle: 89
  m_LightmapParameters: {fileID: 0}
  m_SortingLayerID: 0
  m_SortingLayer: 0
  m_SortingOrder: 0
--- !u!33 &164788407
MeshFilter:
  m_ObjectHideFlags: 0
  m_CorrespondingSourceObject: {fileID: 0}
  m_PrefabInstance: {fileID: 0}
  m_PrefabAsset: {fileID: 0}
  m_GameObject: {fileID: 164788404}
  m_Mesh: {fileID: 10202, guid: 0000000000000000e000000000000000, type: 0}
--- !u!4 &164788408
Transform:
  m_ObjectHideFlags: 0
  m_CorrespondingSourceObject: {fileID: 0}
  m_PrefabInstance: {fileID: 0}
  m_PrefabAsset: {fileID: 0}
  m_GameObject: {fileID: 164788404}
  m_LocalRotation: {x: 0.41071752, y: -0, z: -0, w: 0.91176265}
  m_LocalPosition: {x: 25.56, y: -3.55, z: 23.07}
  m_LocalScale: {x: 10, y: 10, z: 10}
  m_Children: []
  m_Father: {fileID: 0}
  m_RootOrder: 7
  m_LocalEulerAnglesHint: {x: 48.500004, y: 0, z: 0}
--- !u!114 &164788409
MonoBehaviour:
  m_ObjectHideFlags: 0
  m_CorrespondingSourceObject: {fileID: 0}
  m_PrefabInstance: {fileID: 0}
  m_PrefabAsset: {fileID: 0}
  m_GameObject: {fileID: 164788404}
  m_Enabled: 1
  m_EditorHideFlags: 0
  m_Script: {fileID: 11500000, guid: 37fee5fea14b6b040b54b90b811a9127, type: 3}
  m_Name: 
  m_EditorClassIdentifier: 
  startingHealth: 1
  redShifted: 0
--- !u!1001 &376558586
PrefabInstance:
  m_ObjectHideFlags: 0
  serializedVersion: 2
  m_Modification:
    m_TransformParent: {fileID: 0}
    m_Modifications:
    - target: {fileID: 4395901343921551168, guid: 5922492309b00d841972541dbf4d9a57,
        type: 3}
      propertyPath: m_Name
      value: Building
      objectReference: {fileID: 0}
    - target: {fileID: 5729183325226687828, guid: 5922492309b00d841972541dbf4d9a57,
        type: 3}
      propertyPath: m_LocalPosition.x
      value: -26.7
      objectReference: {fileID: 0}
    - target: {fileID: 5729183325226687828, guid: 5922492309b00d841972541dbf4d9a57,
        type: 3}
      propertyPath: m_LocalPosition.y
      value: 3.98
      objectReference: {fileID: 0}
    - target: {fileID: 5729183325226687828, guid: 5922492309b00d841972541dbf4d9a57,
        type: 3}
      propertyPath: m_LocalPosition.z
      value: 19.33
      objectReference: {fileID: 0}
    - target: {fileID: 5729183325226687828, guid: 5922492309b00d841972541dbf4d9a57,
        type: 3}
      propertyPath: m_LocalRotation.x
      value: 0
      objectReference: {fileID: 0}
    - target: {fileID: 5729183325226687828, guid: 5922492309b00d841972541dbf4d9a57,
        type: 3}
      propertyPath: m_LocalRotation.y
      value: 0
      objectReference: {fileID: 0}
    - target: {fileID: 5729183325226687828, guid: 5922492309b00d841972541dbf4d9a57,
        type: 3}
      propertyPath: m_LocalRotation.z
      value: 0
      objectReference: {fileID: 0}
    - target: {fileID: 5729183325226687828, guid: 5922492309b00d841972541dbf4d9a57,
        type: 3}
      propertyPath: m_LocalRotation.w
      value: 1
      objectReference: {fileID: 0}
    - target: {fileID: 5729183325226687828, guid: 5922492309b00d841972541dbf4d9a57,
        type: 3}
      propertyPath: m_RootOrder
      value: 1
      objectReference: {fileID: 0}
    - target: {fileID: 5729183325226687828, guid: 5922492309b00d841972541dbf4d9a57,
        type: 3}
      propertyPath: m_LocalEulerAnglesHint.x
      value: 0
      objectReference: {fileID: 0}
    - target: {fileID: 5729183325226687828, guid: 5922492309b00d841972541dbf4d9a57,
        type: 3}
      propertyPath: m_LocalEulerAnglesHint.y
      value: 0
      objectReference: {fileID: 0}
    - target: {fileID: 5729183325226687828, guid: 5922492309b00d841972541dbf4d9a57,
        type: 3}
      propertyPath: m_LocalEulerAnglesHint.z
      value: 0
      objectReference: {fileID: 0}
    m_RemovedComponents: []
  m_SourcePrefab: {fileID: 100100000, guid: 5922492309b00d841972541dbf4d9a57, type: 3}
--- !u!1001 &589986726
PrefabInstance:
  m_ObjectHideFlags: 0
  serializedVersion: 2
  m_Modification:
    m_TransformParent: {fileID: 0}
    m_Modifications:
    - target: {fileID: 3545076824146612501, guid: 46542b8f7598ef448b765bc33b71eeaa,
        type: 3}
      propertyPath: m_Name
      value: Enemy Attack
      objectReference: {fileID: 0}
    - target: {fileID: 3545076824146612510, guid: 46542b8f7598ef448b765bc33b71eeaa,
        type: 3}
      propertyPath: m_LocalPosition.x
      value: -37.2
      objectReference: {fileID: 0}
    - target: {fileID: 3545076824146612510, guid: 46542b8f7598ef448b765bc33b71eeaa,
        type: 3}
      propertyPath: m_LocalPosition.y
      value: 9.67
      objectReference: {fileID: 0}
    - target: {fileID: 3545076824146612510, guid: 46542b8f7598ef448b765bc33b71eeaa,
        type: 3}
      propertyPath: m_LocalPosition.z
      value: -2
      objectReference: {fileID: 0}
    - target: {fileID: 3545076824146612510, guid: 46542b8f7598ef448b765bc33b71eeaa,
        type: 3}
      propertyPath: m_LocalRotation.x
      value: 0
      objectReference: {fileID: 0}
    - target: {fileID: 3545076824146612510, guid: 46542b8f7598ef448b765bc33b71eeaa,
        type: 3}
      propertyPath: m_LocalRotation.y
      value: 0
      objectReference: {fileID: 0}
    - target: {fileID: 3545076824146612510, guid: 46542b8f7598ef448b765bc33b71eeaa,
        type: 3}
      propertyPath: m_LocalRotation.z
      value: 0
      objectReference: {fileID: 0}
    - target: {fileID: 3545076824146612510, guid: 46542b8f7598ef448b765bc33b71eeaa,
        type: 3}
      propertyPath: m_LocalRotation.w
      value: 1
      objectReference: {fileID: 0}
    - target: {fileID: 3545076824146612510, guid: 46542b8f7598ef448b765bc33b71eeaa,
        type: 3}
      propertyPath: m_RootOrder
      value: 2
      objectReference: {fileID: 0}
    - target: {fileID: 3545076824146612510, guid: 46542b8f7598ef448b765bc33b71eeaa,
        type: 3}
      propertyPath: m_LocalEulerAnglesHint.x
      value: 0
      objectReference: {fileID: 0}
    - target: {fileID: 3545076824146612510, guid: 46542b8f7598ef448b765bc33b71eeaa,
        type: 3}
      propertyPath: m_LocalEulerAnglesHint.y
      value: 0
      objectReference: {fileID: 0}
    - target: {fileID: 3545076824146612510, guid: 46542b8f7598ef448b765bc33b71eeaa,
        type: 3}
      propertyPath: m_LocalEulerAnglesHint.z
      value: 0
      objectReference: {fileID: 0}
    m_RemovedComponents: []
  m_SourcePrefab: {fileID: 100100000, guid: 46542b8f7598ef448b765bc33b71eeaa, type: 3}
--- !u!1 &812528726
GameObject:
  m_ObjectHideFlags: 0
  m_CorrespondingSourceObject: {fileID: 0}
  m_PrefabInstance: {fileID: 0}
  m_PrefabAsset: {fileID: 0}
  serializedVersion: 6
  m_Component:
  - component: {fileID: 812528729}
  - component: {fileID: 812528728}
  - component: {fileID: 812528727}
  - component: {fileID: 812528730}
  m_Layer: 0
  m_Name: Main Camera
  m_TagString: MainCamera
  m_Icon: {fileID: 0}
  m_NavMeshLayer: 0
  m_StaticEditorFlags: 0
  m_IsActive: 1
--- !u!81 &812528727
AudioListener:
  m_ObjectHideFlags: 0
  m_CorrespondingSourceObject: {fileID: 0}
  m_PrefabInstance: {fileID: 0}
  m_PrefabAsset: {fileID: 0}
  m_GameObject: {fileID: 812528726}
  m_Enabled: 1
--- !u!20 &812528728
Camera:
  m_ObjectHideFlags: 0
  m_CorrespondingSourceObject: {fileID: 0}
  m_PrefabInstance: {fileID: 0}
  m_PrefabAsset: {fileID: 0}
  m_GameObject: {fileID: 812528726}
  m_Enabled: 1
  serializedVersion: 2
  m_ClearFlags: 1
  m_BackGroundColor: {r: 0.19215687, g: 0.3019608, b: 0.4745098, a: 0}
  m_projectionMatrixMode: 1
  m_GateFitMode: 2
  m_FOVAxisMode: 0
  m_SensorSize: {x: 36, y: 24}
  m_LensShift: {x: 0, y: 0}
  m_FocalLength: 50
  m_NormalizedViewPortRect:
    serializedVersion: 2
    x: 0
    y: 0
    width: 1
    height: 1
  near clip plane: 0.3
  far clip plane: 1000
  field of view: 60
  orthographic: 0
  orthographic size: 5
  m_Depth: -1
  m_CullingMask:
    serializedVersion: 2
    m_Bits: 4294967295
  m_RenderingPath: -1
  m_TargetTexture: {fileID: 0}
  m_TargetDisplay: 0
  m_TargetEye: 3
  m_HDR: 1
  m_AllowMSAA: 1
  m_AllowDynamicResolution: 0
  m_ForceIntoRT: 0
  m_OcclusionCulling: 1
  m_StereoConvergence: 10
  m_StereoSeparation: 0.022
--- !u!4 &812528729
Transform:
  m_ObjectHideFlags: 0
  m_CorrespondingSourceObject: {fileID: 0}
  m_PrefabInstance: {fileID: 0}
  m_PrefabAsset: {fileID: 0}
  m_GameObject: {fileID: 812528726}
  m_LocalRotation: {x: 0, y: 0, z: 0, w: 1}
  m_LocalPosition: {x: 0, y: 1, z: -10}
  m_LocalScale: {x: 1, y: 1, z: 1}
  m_Children: []
  m_Father: {fileID: 0}
  m_RootOrder: 0
  m_LocalEulerAnglesHint: {x: 0, y: 0, z: 0}
--- !u!114 &812528730
MonoBehaviour:
  m_ObjectHideFlags: 0
  m_CorrespondingSourceObject: {fileID: 0}
  m_PrefabInstance: {fileID: 0}
  m_PrefabAsset: {fileID: 0}
  m_GameObject: {fileID: 812528726}
  m_Enabled: 1
  m_EditorHideFlags: 0
  m_Script: {fileID: 11500000, guid: a79441f348de89743a2939f4d699eac1, type: 3}
  m_Name: 
  m_EditorClassIdentifier: 
  m_RenderShadows: 1
  m_RequiresDepthTextureOption: 2
  m_RequiresOpaqueTextureOption: 2
  m_CameraType: 0
  m_Cameras: []
  m_RendererIndex: -1
  m_VolumeLayerMask:
    serializedVersion: 2
    m_Bits: 1
  m_VolumeTrigger: {fileID: 0}
  m_RenderPostProcessing: 0
  m_Antialiasing: 0
  m_AntialiasingQuality: 2
  m_StopNaN: 0
  m_Dithering: 0
  m_ClearDepth: 1
  m_RequiresDepthTexture: 0
  m_RequiresColorTexture: 0
  m_Version: 2
--- !u!1 &1756045263
GameObject:
  m_ObjectHideFlags: 0
  m_CorrespondingSourceObject: {fileID: 0}
  m_PrefabInstance: {fileID: 0}
  m_PrefabAsset: {fileID: 0}
  serializedVersion: 6
  m_Component:
  - component: {fileID: 1756045265}
  - component: {fileID: 1756045264}
  m_Layer: 0
  m_Name: Directional Light
  m_TagString: Untagged
  m_Icon: {fileID: 0}
  m_NavMeshLayer: 0
  m_StaticEditorFlags: 0
  m_IsActive: 1
--- !u!108 &1756045264
Light:
  m_ObjectHideFlags: 0
  m_CorrespondingSourceObject: {fileID: 0}
  m_PrefabInstance: {fileID: 0}
  m_PrefabAsset: {fileID: 0}
  m_GameObject: {fileID: 1756045263}
  m_Enabled: 1
  serializedVersion: 10
  m_Type: 1
  m_Shape: 0
  m_Color: {r: 1, g: 0.95686275, b: 0.8392157, a: 1}
  m_Intensity: 1
  m_Range: 10
  m_SpotAngle: 30
  m_InnerSpotAngle: 21.80208
  m_CookieSize: 10
  m_Shadows:
    m_Type: 2
    m_Resolution: -1
    m_CustomResolution: -1
    m_Strength: 1
    m_Bias: 0.05
    m_NormalBias: 0.4
    m_NearPlane: 0.2
    m_CullingMatrixOverride:
      e00: 1
      e01: 0
      e02: 0
      e03: 0
      e10: 0
      e11: 1
      e12: 0
      e13: 0
      e20: 0
      e21: 0
      e22: 1
      e23: 0
      e30: 0
      e31: 0
      e32: 0
      e33: 1
    m_UseCullingMatrixOverride: 0
  m_Cookie: {fileID: 0}
  m_DrawHalo: 0
  m_Flare: {fileID: 0}
  m_RenderMode: 0
  m_CullingMask:
    serializedVersion: 2
    m_Bits: 4294967295
  m_RenderingLayerMask: 1
  m_Lightmapping: 4
  m_LightShadowCasterMode: 0
  m_AreaSize: {x: 1, y: 1}
  m_BounceIntensity: 1
  m_ColorTemperature: 6570
  m_UseColorTemperature: 0
  m_BoundingSphereOverride: {x: 0, y: 0, z: 0, w: 0}
  m_UseBoundingSphereOverride: 0
  m_ShadowRadius: 0
  m_ShadowAngle: 0
--- !u!4 &1756045265
Transform:
  m_ObjectHideFlags: 0
  m_CorrespondingSourceObject: {fileID: 0}
  m_PrefabInstance: {fileID: 0}
  m_PrefabAsset: {fileID: 0}
  m_GameObject: {fileID: 1756045263}
  m_LocalRotation: {x: 0.40821788, y: -0.23456968, z: 0.10938163, w: 0.8754261}
  m_LocalPosition: {x: 0, y: 3, z: 0}
  m_LocalScale: {x: 1, y: 1, z: 1}
  m_Children: []
  m_Father: {fileID: 0}
  m_RootOrder: 4
  m_LocalEulerAnglesHint: {x: 50, y: -30, z: 0}
--- !u!1001 &720779547918275120
PrefabInstance:
  m_ObjectHideFlags: 0
  serializedVersion: 2
  m_Modification:
    m_TransformParent: {fileID: 0}
    m_Modifications:
    - target: {fileID: 4653382215964026506, guid: 6cfa57c1ef36a524eb67cd832820e0d3,
        type: 3}
      propertyPath: m_LocalPosition.x
      value: -4.91
      objectReference: {fileID: 0}
    - target: {fileID: 4653382215964026506, guid: 6cfa57c1ef36a524eb67cd832820e0d3,
        type: 3}
      propertyPath: m_LocalPosition.y
      value: 0
      objectReference: {fileID: 0}
    - target: {fileID: 4653382215964026506, guid: 6cfa57c1ef36a524eb67cd832820e0d3,
        type: 3}
      propertyPath: m_LocalPosition.z
      value: 1.36
      objectReference: {fileID: 0}
    - target: {fileID: 4653382215964026506, guid: 6cfa57c1ef36a524eb67cd832820e0d3,
        type: 3}
      propertyPath: m_LocalRotation.x
      value: 0
      objectReference: {fileID: 0}
    - target: {fileID: 4653382215964026506, guid: 6cfa57c1ef36a524eb67cd832820e0d3,
        type: 3}
      propertyPath: m_LocalRotation.y
      value: 0
      objectReference: {fileID: 0}
    - target: {fileID: 4653382215964026506, guid: 6cfa57c1ef36a524eb67cd832820e0d3,
        type: 3}
      propertyPath: m_LocalRotation.z
      value: 0
      objectReference: {fileID: 0}
    - target: {fileID: 4653382215964026506, guid: 6cfa57c1ef36a524eb67cd832820e0d3,
        type: 3}
      propertyPath: m_LocalRotation.w
      value: 1
      objectReference: {fileID: 0}
    - target: {fileID: 4653382215964026506, guid: 6cfa57c1ef36a524eb67cd832820e0d3,
        type: 3}
      propertyPath: m_RootOrder
      value: 9
      objectReference: {fileID: 0}
    - target: {fileID: 4653382215964026506, guid: 6cfa57c1ef36a524eb67cd832820e0d3,
        type: 3}
      propertyPath: m_LocalEulerAnglesHint.x
      value: 0
      objectReference: {fileID: 0}
    - target: {fileID: 4653382215964026506, guid: 6cfa57c1ef36a524eb67cd832820e0d3,
        type: 3}
      propertyPath: m_LocalEulerAnglesHint.y
      value: 0
      objectReference: {fileID: 0}
    - target: {fileID: 4653382215964026506, guid: 6cfa57c1ef36a524eb67cd832820e0d3,
        type: 3}
      propertyPath: m_LocalEulerAnglesHint.z
      value: 0
      objectReference: {fileID: 0}
    - target: {fileID: 4653382215964026517, guid: 6cfa57c1ef36a524eb67cd832820e0d3,
        type: 3}
      propertyPath: m_Name
      value: Circle Enemy
      objectReference: {fileID: 0}
    - target: {fileID: 4653382215964026518, guid: 6cfa57c1ef36a524eb67cd832820e0d3,
        type: 3}
      propertyPath: playerObject
      value: 
      objectReference: {fileID: 164788404}
    - target: {fileID: 4653382215964026519, guid: 6cfa57c1ef36a524eb67cd832820e0d3,
        type: 3}
      propertyPath: m_IsTrigger
      value: 0
      objectReference: {fileID: 0}
    - target: {fileID: 9069225219981056025, guid: 6cfa57c1ef36a524eb67cd832820e0d3,
        type: 3}
      propertyPath: redShifted
      value: 1
      objectReference: {fileID: 0}
    m_RemovedComponents: []
  m_SourcePrefab: {fileID: 100100000, guid: 6cfa57c1ef36a524eb67cd832820e0d3, type: 3}
--- !u!1001 &864751338586597149
PrefabInstance:
  m_ObjectHideFlags: 0
  serializedVersion: 2
  m_Modification:
    m_TransformParent: {fileID: 0}
    m_Modifications:
    - target: {fileID: 1656333702770116881, guid: 8e2b76221e8297c49aed8db31592b3e8,
        type: 3}
      propertyPath: m_Name
      value: Out of Bounds Trigger
      objectReference: {fileID: 0}
    - target: {fileID: 6494983853489360997, guid: 8e2b76221e8297c49aed8db31592b3e8,
        type: 3}
      propertyPath: m_LocalPosition.x
      value: 0
      objectReference: {fileID: 0}
    - target: {fileID: 6494983853489360997, guid: 8e2b76221e8297c49aed8db31592b3e8,
        type: 3}
      propertyPath: m_LocalPosition.y
      value: 0
      objectReference: {fileID: 0}
    - target: {fileID: 6494983853489360997, guid: 8e2b76221e8297c49aed8db31592b3e8,
        type: 3}
      propertyPath: m_LocalPosition.z
      value: 65.9
      objectReference: {fileID: 0}
    - target: {fileID: 6494983853489360997, guid: 8e2b76221e8297c49aed8db31592b3e8,
        type: 3}
      propertyPath: m_LocalRotation.x
      value: 0
      objectReference: {fileID: 0}
    - target: {fileID: 6494983853489360997, guid: 8e2b76221e8297c49aed8db31592b3e8,
        type: 3}
      propertyPath: m_LocalRotation.y
      value: 0
      objectReference: {fileID: 0}
    - target: {fileID: 6494983853489360997, guid: 8e2b76221e8297c49aed8db31592b3e8,
        type: 3}
      propertyPath: m_LocalRotation.z
      value: 0
      objectReference: {fileID: 0}
    - target: {fileID: 6494983853489360997, guid: 8e2b76221e8297c49aed8db31592b3e8,
        type: 3}
      propertyPath: m_LocalRotation.w
      value: 1
      objectReference: {fileID: 0}
    - target: {fileID: 6494983853489360997, guid: 8e2b76221e8297c49aed8db31592b3e8,
        type: 3}
      propertyPath: m_RootOrder
      value: 3
      objectReference: {fileID: 0}
    - target: {fileID: 6494983853489360997, guid: 8e2b76221e8297c49aed8db31592b3e8,
        type: 3}
      propertyPath: m_LocalEulerAnglesHint.x
      value: 0
      objectReference: {fileID: 0}
    - target: {fileID: 6494983853489360997, guid: 8e2b76221e8297c49aed8db31592b3e8,
        type: 3}
      propertyPath: m_LocalEulerAnglesHint.y
      value: 0
      objectReference: {fileID: 0}
    - target: {fileID: 6494983853489360997, guid: 8e2b76221e8297c49aed8db31592b3e8,
        type: 3}
      propertyPath: m_LocalEulerAnglesHint.z
      value: 0
      objectReference: {fileID: 0}
    m_RemovedComponents: []
  m_SourcePrefab: {fileID: 100100000, guid: 8e2b76221e8297c49aed8db31592b3e8, type: 3}
--- !u!1001 &2512016098770331233
PrefabInstance:
  m_ObjectHideFlags: 0
  serializedVersion: 2
  m_Modification:
    m_TransformParent: {fileID: 0}
    m_Modifications:
    - target: {fileID: 2457595117406398393, guid: d3afeecd05f014142bacdf652b955577,
        type: 3}
      propertyPath: m_LocalPosition.x
      value: -10.24
      objectReference: {fileID: 0}
    - target: {fileID: 2457595117406398393, guid: d3afeecd05f014142bacdf652b955577,
        type: 3}
      propertyPath: m_LocalPosition.y
      value: 0
      objectReference: {fileID: 0}
    - target: {fileID: 2457595117406398393, guid: d3afeecd05f014142bacdf652b955577,
        type: 3}
      propertyPath: m_LocalPosition.z
      value: 1.36
      objectReference: {fileID: 0}
    - target: {fileID: 2457595117406398393, guid: d3afeecd05f014142bacdf652b955577,
        type: 3}
      propertyPath: m_LocalRotation.x
      value: 0
      objectReference: {fileID: 0}
    - target: {fileID: 2457595117406398393, guid: d3afeecd05f014142bacdf652b955577,
        type: 3}
      propertyPath: m_LocalRotation.y
      value: 0
      objectReference: {fileID: 0}
    - target: {fileID: 2457595117406398393, guid: d3afeecd05f014142bacdf652b955577,
        type: 3}
      propertyPath: m_LocalRotation.z
      value: 0
      objectReference: {fileID: 0}
    - target: {fileID: 2457595117406398393, guid: d3afeecd05f014142bacdf652b955577,
        type: 3}
      propertyPath: m_LocalRotation.w
      value: 1
      objectReference: {fileID: 0}
    - target: {fileID: 2457595117406398393, guid: d3afeecd05f014142bacdf652b955577,
        type: 3}
      propertyPath: m_RootOrder
      value: 10
      objectReference: {fileID: 0}
    - target: {fileID: 2457595117406398393, guid: d3afeecd05f014142bacdf652b955577,
        type: 3}
      propertyPath: m_LocalEulerAnglesHint.x
      value: 0
      objectReference: {fileID: 0}
    - target: {fileID: 2457595117406398393, guid: d3afeecd05f014142bacdf652b955577,
        type: 3}
      propertyPath: m_LocalEulerAnglesHint.y
      value: 0
      objectReference: {fileID: 0}
    - target: {fileID: 2457595117406398393, guid: d3afeecd05f014142bacdf652b955577,
        type: 3}
      propertyPath: m_LocalEulerAnglesHint.z
      value: 0
      objectReference: {fileID: 0}
    - target: {fileID: 7604793744008256696, guid: d3afeecd05f014142bacdf652b955577,
        type: 3}
      propertyPath: m_IsTrigger
      value: 0
      objectReference: {fileID: 0}
    - target: {fileID: 8955558844596096967, guid: d3afeecd05f014142bacdf652b955577,
        type: 3}
      propertyPath: playerObject
      value: 
      objectReference: {fileID: 164788404}
    - target: {fileID: 9076966388837869090, guid: d3afeecd05f014142bacdf652b955577,
        type: 3}
      propertyPath: m_Name
      value: V Enemy
      objectReference: {fileID: 0}
    m_RemovedComponents: []
  m_SourcePrefab: {fileID: 100100000, guid: d3afeecd05f014142bacdf652b955577, type: 3}
--- !u!1001 &3454418549366223229
PrefabInstance:
  m_ObjectHideFlags: 0
  serializedVersion: 2
  m_Modification:
    m_TransformParent: {fileID: 0}
    m_Modifications:
    - target: {fileID: 3454418548137701528, guid: 0290ae7931a23834baaf500cb4722b6f,
        type: 3}
      propertyPath: m_LocalPosition.x
      value: -5.27
      objectReference: {fileID: 0}
    - target: {fileID: 3454418548137701528, guid: 0290ae7931a23834baaf500cb4722b6f,
        type: 3}
      propertyPath: m_LocalPosition.y
      value: 0
      objectReference: {fileID: 0}
    - target: {fileID: 3454418548137701528, guid: 0290ae7931a23834baaf500cb4722b6f,
        type: 3}
      propertyPath: m_LocalPosition.z
      value: -9.98
      objectReference: {fileID: 0}
    - target: {fileID: 3454418548137701528, guid: 0290ae7931a23834baaf500cb4722b6f,
        type: 3}
      propertyPath: m_LocalRotation.x
      value: 0
      objectReference: {fileID: 0}
    - target: {fileID: 3454418548137701528, guid: 0290ae7931a23834baaf500cb4722b6f,
        type: 3}
      propertyPath: m_LocalRotation.y
      value: 0
      objectReference: {fileID: 0}
    - target: {fileID: 3454418548137701528, guid: 0290ae7931a23834baaf500cb4722b6f,
        type: 3}
      propertyPath: m_LocalRotation.z
      value: 0.7071068
      objectReference: {fileID: 0}
    - target: {fileID: 3454418548137701528, guid: 0290ae7931a23834baaf500cb4722b6f,
        type: 3}
      propertyPath: m_LocalRotation.w
      value: 0.7071068
      objectReference: {fileID: 0}
    - target: {fileID: 3454418548137701528, guid: 0290ae7931a23834baaf500cb4722b6f,
        type: 3}
      propertyPath: m_RootOrder
      value: 6
      objectReference: {fileID: 0}
    - target: {fileID: 3454418548137701528, guid: 0290ae7931a23834baaf500cb4722b6f,
        type: 3}
      propertyPath: m_LocalEulerAnglesHint.x
      value: 0
      objectReference: {fileID: 0}
    - target: {fileID: 3454418548137701528, guid: 0290ae7931a23834baaf500cb4722b6f,
        type: 3}
      propertyPath: m_LocalEulerAnglesHint.y
      value: 0
      objectReference: {fileID: 0}
    - target: {fileID: 3454418548137701528, guid: 0290ae7931a23834baaf500cb4722b6f,
        type: 3}
      propertyPath: m_LocalEulerAnglesHint.z
      value: 90
      objectReference: {fileID: 0}
    - target: {fileID: 3454418548137701532, guid: 0290ae7931a23834baaf500cb4722b6f,
        type: 3}
      propertyPath: m_Name
      value: Player Attack
      objectReference: {fileID: 0}
    m_RemovedComponents: []
  m_SourcePrefab: {fileID: 100100000, guid: 0290ae7931a23834baaf500cb4722b6f, type: 3}
--- !u!1001 &4415918186664402935
PrefabInstance:
  m_ObjectHideFlags: 0
  serializedVersion: 2
  m_Modification:
    m_TransformParent: {fileID: 0}
    m_Modifications:
    - target: {fileID: 4415918187417495269, guid: 65c9e9d091aa8aa4d8cc1516048fddd3,
        type: 3}
      propertyPath: m_LocalPosition.x
      value: 0
      objectReference: {fileID: 0}
    - target: {fileID: 4415918187417495269, guid: 65c9e9d091aa8aa4d8cc1516048fddd3,
        type: 3}
      propertyPath: m_LocalPosition.y
      value: 0
      objectReference: {fileID: 0}
    - target: {fileID: 4415918187417495269, guid: 65c9e9d091aa8aa4d8cc1516048fddd3,
        type: 3}
      propertyPath: m_LocalPosition.z
      value: 1.36
      objectReference: {fileID: 0}
    - target: {fileID: 4415918187417495269, guid: 65c9e9d091aa8aa4d8cc1516048fddd3,
        type: 3}
      propertyPath: m_LocalRotation.x
      value: 0
      objectReference: {fileID: 0}
    - target: {fileID: 4415918187417495269, guid: 65c9e9d091aa8aa4d8cc1516048fddd3,
        type: 3}
      propertyPath: m_LocalRotation.y
      value: 0
      objectReference: {fileID: 0}
    - target: {fileID: 4415918187417495269, guid: 65c9e9d091aa8aa4d8cc1516048fddd3,
        type: 3}
      propertyPath: m_LocalRotation.z
      value: 0
      objectReference: {fileID: 0}
    - target: {fileID: 4415918187417495269, guid: 65c9e9d091aa8aa4d8cc1516048fddd3,
        type: 3}
      propertyPath: m_LocalRotation.w
      value: 1
      objectReference: {fileID: 0}
    - target: {fileID: 4415918187417495269, guid: 65c9e9d091aa8aa4d8cc1516048fddd3,
        type: 3}
      propertyPath: m_RootOrder
      value: 8
      objectReference: {fileID: 0}
    - target: {fileID: 4415918187417495269, guid: 65c9e9d091aa8aa4d8cc1516048fddd3,
        type: 3}
      propertyPath: m_LocalEulerAnglesHint.x
      value: 0
      objectReference: {fileID: 0}
    - target: {fileID: 4415918187417495269, guid: 65c9e9d091aa8aa4d8cc1516048fddd3,
        type: 3}
      propertyPath: m_LocalEulerAnglesHint.y
      value: 0
      objectReference: {fileID: 0}
    - target: {fileID: 4415918187417495269, guid: 65c9e9d091aa8aa4d8cc1516048fddd3,
        type: 3}
      propertyPath: m_LocalEulerAnglesHint.z
      value: 0
      objectReference: {fileID: 0}
    - target: {fileID: 4415918187417495288, guid: 65c9e9d091aa8aa4d8cc1516048fddd3,
        type: 3}
      propertyPath: m_IsTrigger
      value: 0
      objectReference: {fileID: 0}
    - target: {fileID: 4415918187417495289, guid: 65c9e9d091aa8aa4d8cc1516048fddd3,
        type: 3}
      propertyPath: playerObject
      value: 
      objectReference: {fileID: 164788404}
    - target: {fileID: 4415918187417495290, guid: 65c9e9d091aa8aa4d8cc1516048fddd3,
        type: 3}
      propertyPath: m_Name
      value: Single Shot Enemy
      objectReference: {fileID: 0}
    m_RemovedComponents: []
  m_SourcePrefab: {fileID: 100100000, guid: 65c9e9d091aa8aa4d8cc1516048fddd3, type: 3}
--- !u!1001 &6148925167020184688
PrefabInstance:
  m_ObjectHideFlags: 0
  serializedVersion: 2
  m_Modification:
    m_TransformParent: {fileID: 0}
    m_Modifications:
    - target: {fileID: 6148925165925675077, guid: 02f4ceadb051d7d45862b9d2d14badf5,
        type: 3}
      propertyPath: m_Name
      value: Game Manager
      objectReference: {fileID: 0}
    - target: {fileID: 6148925165925675079, guid: 02f4ceadb051d7d45862b9d2d14badf5,
        type: 3}
      propertyPath: m_LocalPosition.x
      value: 0
      objectReference: {fileID: 0}
    - target: {fileID: 6148925165925675079, guid: 02f4ceadb051d7d45862b9d2d14badf5,
        type: 3}
      propertyPath: m_LocalPosition.y
      value: 0
      objectReference: {fileID: 0}
    - target: {fileID: 6148925165925675079, guid: 02f4ceadb051d7d45862b9d2d14badf5,
        type: 3}
      propertyPath: m_LocalPosition.z
      value: 0
      objectReference: {fileID: 0}
    - target: {fileID: 6148925165925675079, guid: 02f4ceadb051d7d45862b9d2d14badf5,
        type: 3}
      propertyPath: m_LocalRotation.x
      value: 0
      objectReference: {fileID: 0}
    - target: {fileID: 6148925165925675079, guid: 02f4ceadb051d7d45862b9d2d14badf5,
        type: 3}
      propertyPath: m_LocalRotation.y
      value: 0
      objectReference: {fileID: 0}
    - target: {fileID: 6148925165925675079, guid: 02f4ceadb051d7d45862b9d2d14badf5,
        type: 3}
      propertyPath: m_LocalRotation.z
      value: 0
      objectReference: {fileID: 0}
    - target: {fileID: 6148925165925675079, guid: 02f4ceadb051d7d45862b9d2d14badf5,
        type: 3}
      propertyPath: m_LocalRotation.w
      value: 1
      objectReference: {fileID: 0}
    - target: {fileID: 6148925165925675079, guid: 02f4ceadb051d7d45862b9d2d14badf5,
        type: 3}
      propertyPath: m_RootOrder
      value: 5
      objectReference: {fileID: 0}
    - target: {fileID: 6148925165925675079, guid: 02f4ceadb051d7d45862b9d2d14badf5,
        type: 3}
      propertyPath: m_LocalEulerAnglesHint.x
      value: 0
      objectReference: {fileID: 0}
    - target: {fileID: 6148925165925675079, guid: 02f4ceadb051d7d45862b9d2d14badf5,
        type: 3}
      propertyPath: m_LocalEulerAnglesHint.y
      value: 0
      objectReference: {fileID: 0}
    - target: {fileID: 6148925165925675079, guid: 02f4ceadb051d7d45862b9d2d14badf5,
        type: 3}
      propertyPath: m_LocalEulerAnglesHint.z
      value: 0
      objectReference: {fileID: 0}
    m_RemovedComponents: []
  m_SourcePrefab: {fileID: 100100000, guid: 02f4ceadb051d7d45862b9d2d14badf5, type: 3}
--- !u!1 &6148925167020184689 stripped
GameObject:
  m_CorrespondingSourceObject: {fileID: 6148925165925675077, guid: 02f4ceadb051d7d45862b9d2d14badf5,
    type: 3}
  m_PrefabInstance: {fileID: 6148925167020184688}
  m_PrefabAsset: {fileID: 0}
--- !u!114 &6148925167020184690
MonoBehaviour:
  m_ObjectHideFlags: 0
  m_CorrespondingSourceObject: {fileID: 0}
  m_PrefabInstance: {fileID: 0}
  m_PrefabAsset: {fileID: 0}
  m_GameObject: {fileID: 6148925167020184689}
  m_Enabled: 1
  m_EditorHideFlags: 0
  m_Script: {fileID: 11500000, guid: fa1f10ba5a3990c4aafcabdcaae02c35, type: 3}
  m_Name: 
  m_EditorClassIdentifier: 
  spawnRate: 1
  enemyTable:
  - {fileID: 4415918187417495290, guid: 65c9e9d091aa8aa4d8cc1516048fddd3, type: 3}
--- !u!1001 &7433339370808620794
PrefabInstance:
  m_ObjectHideFlags: 0
  serializedVersion: 2
  m_Modification:
    m_TransformParent: {fileID: 0}
    m_Modifications:
    - target: {fileID: 2218884743903956995, guid: 4215f468d5ea3dd42bc46110892125b6,
        type: 3}
      propertyPath: m_LocalPosition.x
      value: -21.637434
      objectReference: {fileID: 0}
    - target: {fileID: 2218884743903956995, guid: 4215f468d5ea3dd42bc46110892125b6,
        type: 3}
      propertyPath: m_LocalPosition.y
      value: 0
      objectReference: {fileID: 0}
    - target: {fileID: 2218884743903956995, guid: 4215f468d5ea3dd42bc46110892125b6,
        type: 3}
      propertyPath: m_LocalPosition.z
      value: 7.240353
      objectReference: {fileID: 0}
    - target: {fileID: 2218884743903956995, guid: 4215f468d5ea3dd42bc46110892125b6,
        type: 3}
      propertyPath: m_LocalRotation.x
      value: 0
      objectReference: {fileID: 0}
    - target: {fileID: 2218884743903956995, guid: 4215f468d5ea3dd42bc46110892125b6,
        type: 3}
      propertyPath: m_LocalRotation.y
      value: 0
      objectReference: {fileID: 0}
    - target: {fileID: 2218884743903956995, guid: 4215f468d5ea3dd42bc46110892125b6,
        type: 3}
      propertyPath: m_LocalRotation.z
      value: 0
      objectReference: {fileID: 0}
    - target: {fileID: 2218884743903956995, guid: 4215f468d5ea3dd42bc46110892125b6,
        type: 3}
      propertyPath: m_LocalRotation.w
      value: 1
      objectReference: {fileID: 0}
    - target: {fileID: 2218884743903956995, guid: 4215f468d5ea3dd42bc46110892125b6,
        type: 3}
      propertyPath: m_RootOrder
      value: 12
      objectReference: {fileID: 0}
    - target: {fileID: 2218884743903956995, guid: 4215f468d5ea3dd42bc46110892125b6,
        type: 3}
      propertyPath: m_LocalEulerAnglesHint.x
      value: 0
      objectReference: {fileID: 0}
    - target: {fileID: 2218884743903956995, guid: 4215f468d5ea3dd42bc46110892125b6,
        type: 3}
      propertyPath: m_LocalEulerAnglesHint.y
      value: 0
      objectReference: {fileID: 0}
    - target: {fileID: 2218884743903956995, guid: 4215f468d5ea3dd42bc46110892125b6,
        type: 3}
      propertyPath: m_LocalEulerAnglesHint.z
      value: 0
      objectReference: {fileID: 0}
    - target: {fileID: 4654653850678065277, guid: 4215f468d5ea3dd42bc46110892125b6,
        type: 3}
      propertyPath: playerObject
      value: 
      objectReference: {fileID: 164788404}
    - target: {fileID: 4694987770937250200, guid: 4215f468d5ea3dd42bc46110892125b6,
        type: 3}
      propertyPath: m_Name
      value: Fan Enemy
      objectReference: {fileID: 0}
    - target: {fileID: 6150098259830008578, guid: 4215f468d5ea3dd42bc46110892125b6,
        type: 3}
      propertyPath: m_IsTrigger
      value: 0
      objectReference: {fileID: 0}
    m_RemovedComponents: []
  m_SourcePrefab: {fileID: 100100000, guid: 4215f468d5ea3dd42bc46110892125b6, type: 3}
--- !u!1001 &8418216880499222388
PrefabInstance:
  m_ObjectHideFlags: 0
  serializedVersion: 2
  m_Modification:
    m_TransformParent: {fileID: 0}
    m_Modifications:
    - target: {fileID: 3222917595020398314, guid: 7cc95237c2b4bea4abde1beb9a52229b,
        type: 3}
      propertyPath: m_Name
      value: X Enemy
      objectReference: {fileID: 0}
    - target: {fileID: 3244087062052824847, guid: 7cc95237c2b4bea4abde1beb9a52229b,
        type: 3}
      propertyPath: playerObject
      value: 
      objectReference: {fileID: 164788404}
    - target: {fileID: 4090501232943363184, guid: 7cc95237c2b4bea4abde1beb9a52229b,
        type: 3}
      propertyPath: m_IsTrigger
      value: 0
      objectReference: {fileID: 0}
    - target: {fileID: 8311084225476775793, guid: 7cc95237c2b4bea4abde1beb9a52229b,
        type: 3}
      propertyPath: m_LocalPosition.x
      value: -15.16
      objectReference: {fileID: 0}
    - target: {fileID: 8311084225476775793, guid: 7cc95237c2b4bea4abde1beb9a52229b,
        type: 3}
      propertyPath: m_LocalPosition.y
      value: 0
      objectReference: {fileID: 0}
    - target: {fileID: 8311084225476775793, guid: 7cc95237c2b4bea4abde1beb9a52229b,
        type: 3}
      propertyPath: m_LocalPosition.z
      value: 1.36
      objectReference: {fileID: 0}
    - target: {fileID: 8311084225476775793, guid: 7cc95237c2b4bea4abde1beb9a52229b,
        type: 3}
      propertyPath: m_LocalRotation.x
      value: 0
      objectReference: {fileID: 0}
    - target: {fileID: 8311084225476775793, guid: 7cc95237c2b4bea4abde1beb9a52229b,
        type: 3}
      propertyPath: m_LocalRotation.y
      value: 0
      objectReference: {fileID: 0}
    - target: {fileID: 8311084225476775793, guid: 7cc95237c2b4bea4abde1beb9a52229b,
        type: 3}
      propertyPath: m_LocalRotation.z
      value: 0
      objectReference: {fileID: 0}
    - target: {fileID: 8311084225476775793, guid: 7cc95237c2b4bea4abde1beb9a52229b,
        type: 3}
      propertyPath: m_LocalRotation.w
      value: 1
      objectReference: {fileID: 0}
    - target: {fileID: 8311084225476775793, guid: 7cc95237c2b4bea4abde1beb9a52229b,
        type: 3}
      propertyPath: m_RootOrder
      value: 11
      objectReference: {fileID: 0}
    - target: {fileID: 8311084225476775793, guid: 7cc95237c2b4bea4abde1beb9a52229b,
        type: 3}
      propertyPath: m_LocalEulerAnglesHint.x
      value: 0
      objectReference: {fileID: 0}
    - target: {fileID: 8311084225476775793, guid: 7cc95237c2b4bea4abde1beb9a52229b,
        type: 3}
      propertyPath: m_LocalEulerAnglesHint.y
      value: 0
      objectReference: {fileID: 0}
    - target: {fileID: 8311084225476775793, guid: 7cc95237c2b4bea4abde1beb9a52229b,
        type: 3}
      propertyPath: m_LocalEulerAnglesHint.z
      value: 0
      objectReference: {fileID: 0}
    m_RemovedComponents: []
  m_SourcePrefab: {fileID: 100100000, guid: 7cc95237c2b4bea4abde1beb9a52229b, type: 3}
